 Dungeon Crawl Stone Soup version 0.26.1-11-gd32895ea62 (webtiles) character file.

Game seed: 7429359509936612505

355 Descartes the Sneak (level 6, -5/25 HPs)
             Began as a Felid Wanderer on June 22, 2021.
             Slain by an orc warrior
             ... wielding a +1 long sword of electrocution
              (22 damage)
             ... on level 5 of the Dungeon.
             The game lasted 00:12:38 (9051 turns).

Descartes the Sneak (Felid Wanderer)                Turns: 9051, Time: 00:12:40

Health: -5/25      AC:  2    Str:  8    XL:     6   Next: 36%
Magic:  7/7        EV: 26    Int: 13    God:
Gold:   292        SH:  0    Dex: 18    Spells: 5/5 levels left
                                        Lives:  0   Deaths: 2

rFire    . . .     SeeInvis +     - Unarmed
rCold    . . .     Faith    .   (shield unavailable)
rNeg     . . .     Spirit   .   (armour unavailable)
rPois    .         Reflect  .   (helmet unavailable)
rElec    .         Harm     .   (cloak unavailable)
rCorr    .         Rampage  .   (gloves unavailable)
Will     .....                  (boots unavailable)
Stlth    +++.......             (no amulet)
HPRegen  0.08/turn              i - +4 ring of evasion
MPRegen  0.10/turn              g - ring of attention (curse)

@: quick
A: very small, no armour, no weapons or thrown items, stealth, claws 1, fangs 3,
see invisible, speed 1, shaggy fur 2, sharp paws
a: no special abilities


You were on level 5 of the Dungeon.
You visited 1 branch of the dungeon, and saw 5 of its levels.
You also visited: Sewer.

You collected 372 gold pieces.
You spent 80 gold pieces at shops.

Inventory:

Jewellery
 g - a cursed ring of attention (right paw)
 i - a +4 ring of evasion (left paw)
 l - a cursed -4 ring of intelligence {unknown}
Scrolls
 d - a scroll of immolation
 j - 6 scrolls of teleportation
 k - a scroll of blinking
 n - a scroll of identify
Potions
 a - a potion of berserk rage
 b - 2 potions of heal wounds
 c - 2 potions of lignification
 e - a potion of attraction
 f - 6 potions of flight
 h - 8 potions of curing
 m - a potion of ambrosia
 o - a potion of might
 p - a potion of mutation {unknown}


   Skills:
 - Level 1.0 Fighting
 + Level 5.9 Dodging
 + Level 6.6 Stealth
 + Level 6.1 Unarmed Combat
 - Level 3.0 Hexes
 - Level 1.0 Summonings
 - Level 1.1 Evocations


You had 5 spell levels left.
You didn't know any spells.
Your spell library contained the following spells:

 Spells                   Type           Power        Failure   Level
 Corona                   Hex            7%           9%          1
 Ensorcelled Hibernation  Hex/Ice        6%           26%         2
 Confusing Touch          Hex            7%           26%         3
 Tukima's Dance           Hex            7%           26%         3
 Dazzling Flash           Conj/Hex       6%           45%         3


Dungeon Overview and Level Annotations

Branches:
Dungeon (5/15)              Sewer (visited)
 Temple: D:4-7

Altars:
Gozag
Okawaru
Qazlal
Ru
Sif Muna
Jiyva

Shops:
D:4 !


Innate Abilities, Weirdness & Mutations

You cannot wear armour.
You are incapable of wielding weapons or throwing items.
Your paws allow you to move quietly. (Stealth)
You have sharp claws.
You have razor-sharp teeth.
You have supernaturally acute eyesight. (SInv)
You cover ground quickly.
You are covered in thick fur. (AC +2)
Your sharp claws are effective at attacking unaware monsters.


Message History

The orc shouts!
You scratch the orc warrior but do no damage.
The orc warrior is lightly wounded.
The orc wizard completely misses you. The orc warrior closely misses you.
You scratch the orc warrior but do no damage.
The orc warrior is lightly wounded.
You scratch the orc warrior but do no damage.
The orc warrior is lightly wounded.
The orc wizard gestures wildly while chanting.
The orc wizard blinks!
The orc warrior misses you.
You closely miss the orc warrior.
The orc warrior is lightly wounded.
The orc warrior completely misses you. The orc misses you.
You scratch the orc warrior but do no damage.
The orc warrior is lightly wounded.
The orc wizard casts a spell.
The orc wizard blinks!
The orc warrior hits you with a +1 long sword of electrocution!!
Ouch! That really hurt!
You die...

####.#≈≈≈≈#..###....... #####....
.....#≈≈≈≈#.##......# #........
.....##≈≈##..#......# #........
......#≈≈#...#.....§# #...>....
.....##''##..'......# #........
.....#≈≈.≈#.##......# #........
.....######.......o.# #........
###'...........oo...### #........
....#...........@.....# ######...
....#.................# #...
....#.................# #...
....#######'##........# #...
.............#........# #...
.............#........# #...
#...##.......#........# #...
#...##.......#.......÷########...
....##################...........


You could see an orc warrior, an orc wizard and an orc.

Vanquished Creatures
  An ogre (D:4)
  Blork the orc (D:5)
  A scorpion (D:5)
  A howler monkey (D:5)
  A jelly (D:4)
  3 orc priests
  Terence (D:2)
  A merfolk siren (Sewer)
  2 worker ants (D:5)
  A merfolk avatar (Sewer)
  3 adders
  3 gnolls (D:3)
  3 river rats
  A dart slug (D:1)
  A worm (D:4)
  4 leopard geckos
  16 orcs
  7 ball pythons
  3 giant cockroaches
  4 goblins
  5 hobgoblins
  3 jackals (D:5)
  5 kobolds
  2 quokkas
  5 bats
  8 frilled lizards
  A leopard gecko skeleton (D:4)
  A quokka skeleton (D:5)
  31 rats
119 creatures vanquished.

Notes
Turn   | Place    | Note
-------+----------+-------------------------------------------
     0 | D:1      | Descartes the Felid Wanderer began the quest for the Orb.
     0 | D:1      | Descartes set off with the following items: a potion of
                  | berserk rage, a potion of heal wounds, 2 potions of
                  | lignification
     0 | D:1      | Reached XP level 1. HP: 9/9 MP: 2/2
    51 | D:1      | Found a viscous altar of Jiyva.
    51 | D:1      | Noticed a jelly
    51 | D:1      | Noticed a jelly
    51 | D:1      | Noticed a jelly
    83 | D:1      | Noticed a jelly
   174 | D:1      | Reached skill level 1 in Dodging
   179 | D:1      | Reached XP level 2. HP: 12/12 MP: 3/3
   680 | D:2      | Found an iron altar of Okawaru.
   705 | D:2      | Found a sacrificial altar of Ru.
   757 | D:2      | Noticed Terence
   765 | D:2      | Killed Terence
   766 | D:2      | Reached XP level 3. HP: 15/15 MP: 4/4
  1678 | D:3      | Reached XP level 4. HP: 14/19 MP: 5/5
  1683 | D:3      | Mangled by a gnoll
  1684 | D:3      | Reached XP level 3. HP: -7/15 MP: 4/4
  2081 | D:3      | Reached XP level 4. HP: 19/19 MP: 5/5
  2467 | D:3      | Found a stormy altar of Qazlal.
  2770 | D:3      | Reached skill level 5 in Unarmed Combat
  3115 | D:3      | Found an opulent altar of Gozag.
  3205 | D:3      | Reached XP level 5. HP: 22/22 MP: 6/6
  3483 | D:3      | Found a stormy altar of Qazlal.
  3529 | D:3      | Found an opulent altar of Gozag.
  5075 | D:4      | Noticed an ogre
  5490 | D:4      | Found Haulaex's Distillery.
  5737 | D:4      | Bought a potion of might for 40 gold pieces
  5737 | D:4      | Bought a potion of curing for 30 gold pieces
  5737 | D:4      | Bought a potion of degeneration for 10 gold pieces
  6008 | D:4      | Found Haulaex's Distillery.
  6103 | D:4      | Killed an ogre
  6104 | D:4      | Reached skill level 5 in Stealth
  6104 | D:4      | Gained mutation: You are covered in thick fur. (AC +2)
                  | [Felid growth]
  6104 | D:4      | Reached XP level 6. HP: 25/25 MP: 7/7
  6109 | D:5      | Entered Level 5 of the Dungeon
  6284 | D:5      | Found a glowing drain.
  6288 | Sewer    | Entered a sewer
  6395 | Sewer    | Reached skill level 5 in Dodging
  8229 | D:5      | Noticed Blork the orc
  8232 | D:5      | Killed Blork the orc
  8233 | D:5      | Reached XP level 7. HP: 28/28 MP: 8/8
  8629 | D:5      | Slain by an orc warrior
  8630 | D:5      | Reached XP level 6. HP: -4/25 MP: 7/7
  8951 | D:5      | Found a shimmering blue altar of Sif Muna.
  9051 | D:5      | Slain by an orc warrior

Illustrated notes

Levels and vault maps discovered:
D:1:      erik_arrival_cave_to_civilisation [erik_arrival_cave_to_temple],
          layout_basic
D:2:      layout_basic, lemuel_doored_altar, nicolae_ru_path_of_blood,
          uniq_terence
D:3:      layout_loops_ring, nicolae_gozag_cash_rules_everything_around_me,
          overflow_temple_1_default, minmay_surrounded
D:4:      layout_layer_cave, serial_shops, shop
D:5:      layout_gridville, lemuel_blue_sif_altar, gup_sewer_entry_bowl,
          uniq_blork_the_orc

Skill      XL: |  1  2  3  4  5  6 |
---------------+-------------------+-----
Dodging        | 1 2 3 4 5 |  5.9
Stealth        | 2 3 4 5 6 |  6.6
Unarmed Combat | 5 6 |  6.1
Fighting       | |  1.0
Hexes          | |  3.0
Summonings     | |  1.0
Evocations     | |  1.1

Action                   |  1- 3 |  4- 6 |  7- 9 || total
-------------------------+-------+-------+-------++-------
Melee: Unarmed           |    84 |   278 |    28 ||   390
       Bite              |     6 |    29 |     4 ||    39
       Punch             |       |     3 |     1 ||     4
  Use: Scroll            |       |     8 |       ||     8
       Potion            |       |     1 |       ||     1
 Stab: Sleeping          |    17 |    16 |       ||    33
       Distracted        |     1 |       |       ||     1
Armor: Skin              |     3 |     7 |     1 ||    11
Dodge: Dodged            |    63 |   188 |    19 ||   270
